 Dungeon Crawl Stone Soup version 0.29.1-2-gbd0b4ee654 (webtiles) character file.

Game seed: 8265512869054285652

214 zeram the Caller (level 5, -3/45 HPs)
             Began as a Troll Summoner on Nov 11, 2022.
             Slain by a goblin
             ... wielding a +0 club
             ... led by Robin
              (5 damage)
             ... on level 4 of the Dungeon.
             The game lasted 00:07:59 (2935 turns).

zeram the Caller (Troll Summoner)                   Turns: 2935, Time: 00:08:00

Health: -3/45      AC:  6    Str: 16    XL:     5   Next: 59%
Magic:  14/15      EV: 10    Int: 13    God:
Gold:   219        SH:  5    Dex: 14    Spells: 4/7 levels left

rFire   . . .      SeeInvis .   e - +0 whip
rCold   . . .      Faith    .   (no shield)
rNeg    . . .      Spirit   .   a - +2 robe
rPois   .          Reflect  +   (helmet restricted)
rElec   .          Harm     .   (no cloak)
rCorr   .          Rampage  .   (gloves unavailable)
Will    .....                   (boots unavailable)
Stlth   ++........              j - amulet of reflection
HPRegen 0.95/turn               g - +6 ring of dexterity
MPRegen 0.14/turn               f - ring of magical power

@: no status effects
A: large, unfitting armour, claws 3, regeneration 1, shaggy fur 1, tough skin 1,
clumsy 1
a: no special abilities


You were on level 4 of the Dungeon.
You visited 1 branch of the dungeon, and saw 4 of its levels.

You collected 219 gold pieces.

Inventory:

Hand Weapons
 c - a +0 club
 e - a +0 whip (weapon)
Missiles
 h - a throwing net
Armour
 a - a +2 robe (worn)
 m - a +2 kite shield
Jewellery
 f - a ring of magical power (right claw)
 g - a +6 ring of dexterity (left claw)
 j - an amulet of reflection (around neck)
 k - an amulet of the acrobat
 l - a ring of wizardry
 t - a ring of willpower
Wands
 i - a wand of paralysis (10)
Scrolls
 n - a scroll of amnesia
Potions
 b - a potion of magic
 d - 2 potions of degeneration
 s - a potion of mutation


   Skills:
 + Level 2.9 Maces & Flails
 + Level 2.4 Dodging
 - Level 1.0 Stealth
 - Level 0.1 Shields
 * Level 1.6 Spellcasting
 * Level 3.9 Summonings


You had 4 spell levels left.
You knew the following spells:

 Your Spells              Type           Power      Damage    Failure   Level
a - Summon Small Mammal   Summ           44%        N/A       5%          1
b - Call Imp              Summ           11%        N/A       9%          2

Your spell library contained the following spells:

 Spells                   Type           Power      Damage    Failure   Level
 Call Canine Familiar     Summ           11%        N/A       16%         3
 Summon Guardian Golem    Hex/Summ       6%         N/A       34%         3
 Gell's Gravitas          Tloc           1%         N/A       63%         3
 Teleport Other           Tloc           1%         N/A       63%         3
 Summon Lightning Spire   Summ/Air       6%         N/A       75%         4
 Dispersal                Tloc           0%         N/A       100%        6


Dungeon Overview and Level Annotations

Branches:
Dungeon (4/15)
 Temple: D:4-7

Altars:

Shops:
D:2 =

Annotations:
D:4 Robin


Innate Abilities, Weirdness & Mutations

You are too large for most types of armour.
You have claws for hands.
Your natural rate of healing is unusually fast.
You are covered in fur. (AC +1)
You have tough skin. (AC +1)
You are clumsy. (Dex -2)


Message History

You hit the goblin.
You kill the goblin!
The hobgoblin no longer looks unusually strong.
The goblin barely misses you. Robin throws the goblin at you!
You hit the goblin.
The goblin is severely wounded.
The hobgoblin hits you but does no damage.
The goblin hits you with a +0 club.
* * * LOW HITPOINT WARNING * * *
You block Robin's attack. You block the goblin's attack.
Unknown command.
Casting: Summon Small Mammal (safe; 5% risk of failure)
Confirm with . or Enter, or press ? or * to list all spells.
You block the goblin's attack. Robin barely misses you.
The goblin hits you with a +0 club.
* * * LOW HITPOINT WARNING * * *
Unknown command.
You hit the goblin but do no damage. You claw the goblin.
The goblin is heavily wounded.
Your bat hits the goblin. The hobgoblin completely misses you.
The goblin hits you with a +0 club.
* * * LOW HITPOINT WARNING * * *
The goblin barely misses you.
Robin hits you from afar with a +0 vampiric spear.
* * * LOW HITPOINT WARNING * * *
Okay, then.
Okay, then.
You closely miss the goblin.
The goblin is heavily wounded.
Your bat barely misses the goblin.
Your bat closely misses the goblin.
The goblin completely misses you. The goblin barely misses you.
Robin hits you from afar with a +0 vampiric spear.
* * * LOW HITPOINT WARNING * * *
Unknown command.
You completely miss the goblin.
The goblin is heavily wounded.
Your bat hits the hobgoblin but does no damage.
Your bat hits the goblin. The hobgoblin barely misses you. Robin misses you.
The goblin hits you with a +0 club.
You die...

...#...........
...#...<..##... ##
...#####'###..> #g
...##.....##... #g
...............
#.#...#...#.......
#.gg#...#.........
##g###.###........
#@gb#...#...###...
#g#)..#...#..##...
#...#...#.........
##.###.###........
#...#...#.........
#.#...#...#..#####
#...#........#
########.....#
#######


You could see Robin, 2 hobgoblins, 2 goblins and a friendly bat (summoned).

Vanquished Creatures
  An orc priest (D:4)
  6 adders
  A river rat (D:3)
  4 worms
  4 dart slugs
  5 orcs
  4 ball pythons
  8 bats
  14 endoplasms
  4 giant cockroaches
  10 goblins
  9 hobgoblins
  4 jackals (D:1)
  2 quokkas
  A frilled lizard (D:2)
  6 kobolds
  6 rats
89 creatures vanquished.

Vanquished Creatures (collateral kills)
  A goblin (D:4)
1 creature vanquished.

Vanquished Creatures (others)
  A plant (D:3)
1 creature vanquished.

Grand Total: 91 creatures vanquished

Notes
Turn   | Place    | Note
-------+----------+-------------------------------------------
     0 | D:1      | zeram the Troll Summoner began the quest for the Orb.
     0 | D:1      | Reached XP level 1. HP: 16/16 MP: 1/1
    21 | D:1      | Reached skill level 3 in Summonings
   212 | D:1      | Reached XP level 2. HP: 15/24 MP: 0/2
   698 | D:1      | Reached XP level 3. HP: 31/31 MP: 3/3
   711 | D:1      | Learned a level 2 spell: Call Imp
   969 | D:2      | Reached skill level 1 in Maces & Flails
  1164 | D:2      | Found Waxzino's Jewellery Shop.
  1190 | D:2      | Reached XP level 4. HP: 39/39 MP: 5/5
  1612 | D:3      | Found a faded altar of an unknown god.
  2483 | D:3      | Reached XP level 5. HP: 45/45 MP: 6/6
  2830 | D:4      | Gained mutation: You are clumsy. (Dex -2) [potion of
                  | mutation]
  2830 | D:4      | Gained mutation: Your spells are a little harder to cast,
                  | but a little more powerful. [potion of mutation]
  2830 | D:4      | Lost mutation: Your spells are a little harder to cast, but
                  | a little more powerful. [potion of mutation]
  2907 | D:4      | Noticed Robin
  2934 | D:4      | HP: 1/45 [Robin/+0 vampiric spear (4)]
  2935 | D:4      | Slain by a goblin

Illustrated notes

Levels and vault maps discovered:
D:1:      scummos_arrival_star, layout_basic, minivault_26
D:2:      layout_rooms, serial_shops, nicolae_shop_trees, serial_bayou_pond_c
D:3:      layout_basic, shapermc_ecumenical_altar_hornbeckon,
          gup_sewer_entry_bubbles
D:4:      layout_gridville, nicolae_overflow_hallway_of_the_gods,
          ebering_ghost_rock_garden, chequers_hall_statues_wall_a,
          nicolae_concentric_dashed_squares_wild, nicolae_specific_store,
          nicolae_shop_i_like_big_books, minmay_stone_trees_large,
          minmay_misc_feat_four_crosses, hangedman_abyss_or_decor_slice,
          uniq_duvessa, uniq_robin

Skill      XL: |  1  2  3  4 |
---------------+-------------+-----
Summonings     | 3 |  3.9
Maces & Flails | 1 2 |  2.9
Dodging        | 2 |  2.4
Stealth        | |  1.0
Shields        | |  0.1
Spellcasting   | |  1.6

Action                   |  1- 3 |  4- 6 || total
-------------------------+-------+-------++-------
Melee: Club              |    16 |       ||    16
       Unarmed           |     7 |       ||     7
       Whip              |   147 |   266 ||   413
       Punch             |       |     4 ||     4
 Cast: Summon Small Mamm |     1 |     2 ||     3
  Use: Scroll            |     3 |     7 ||    10
       Potion            |       |     4 ||     4
 Stab: Sleeping          |     3 |     9 ||    12
Armor: Robe              |    54 |    92 ||   146
Dodge: Dodged            |    88 |   127 ||   215
Block: Other             |       |    77 ||    77
       Reflection        |       |     2 ||     2
